 Dungeon Crawl Stone Soup version 0.30-a0-737-gf23d94013f (webtiles) character file.

Game seed: 719558435038422613

10810 kae the Geomancer (level 11, -2/57 HPs)
             Began as a Gargoyle Earth Elementalist on Feb 2, 2023.
             Was an Elder of Vehumet.
             Slain by a cane toad (15 damage)
             ... on level 1 of the Lair of Beasts.
             The game lasted 00:11:10 (13167 turns).

kae the Geomancer (Gargoyle Earth Elementalist)    Turns: 13167, Time: 00:11:11

Health: -2/57      AC: 15    Str: 11    XL:     11   Next: 67%
Magic:  0/25       EV: 12    Int: 21    God:    Vehumet [****..]
Gold:   583        SH:  5    Dex: 10    Spells: 20/30 levels left

rFire   . . .      SeeInvis .    l - +2 quarterstaff (drain)
rCold   + . .      Faith    .    (shield currently unavailable)
rNeg    + . .      Spirit   .    H - +0 steam dragon scales
rPois   ∞          Reflect  +    f - +1 helmet
rElec   +          Harm     .    (no cloak)
rCorr   .          Rampage  .    (no gloves)
Will    .....                    (no boots)
Stlth   ++                       j - amulet of reflection
HPRegen 0.29/turn                C - ring of protection from cold
MPRegen 0.19/turn                Z - ring of wizardry

@: no status effects
A: sickness immunity, AC +8, negative energy resistance 1, electricity
resistance, torment resistance 1, petrification resistance
a: Renounce Religion


You were on level 1 of the Lair of Beasts.
You worshipped Vehumet.
Vehumet was greatly pleased with you.
You visited 3 branches of the dungeon, and saw 13 of its levels.
You also visited: Bailey.

You collected 583 gold pieces.


Innate Abilities, Weirdness & Mutations

You are immune to sickness and miasma.
Your stone body is resilient. (AC +8)
You are immune to poison.
You resist negative energy. (rN+)
You are resistant to electric shocks. (rElec)
You are resistant to unholy torment.
You are immune to petrification.


   Skills:
 + Level 1.8 Fighting
 + Level 2.2 Dodging
 - Level 2.1 Stealth
 - Level 10.0 Spellcasting
 - Level 11.0 Conjurations
 - Level 0.7 Transmutations
 - Level 13.0 Earth Magic


You had 20 spell levels left.
You knew the following spells:

 Your Spells              Type           Power      Damage    Failure   Level
a - Sandblast             Erth           100%       2d20      1%          1
b - Stone Arrow           Conj/Erth      100%       3d13      1%          3
c - Passwall              Tmut/Erth      32%        N/A       1%          2
d - Petrify               Tmut/Erth      39%        N/A       1%          4

Your spell library contained the following spells:

 Spells                   Type           Power      Damage    Failure   Level
 Iskenderun's Mystic Bla  Conj/Tloc      33%        2d8       1%          4
 Kiss of Death            Conj/Necr      100%       2d13      1%          1
 Sticky Flame             Conj/Fire      33%        2d5       1%          4
 Apportation              Tloc           20%        N/A       2%          1
 Ignite Poison            Fire/Tmut/Pois 11%        N/A       2%          3
 Confusing Touch          Hex            10%        N/A       8%          3
 Dispel Undead            Necr           10%        3d9       26%         4
 Alistair's Intoxication  Tmut/Pois      8%         N/A       50%         5
 Ignition                 Fire           5%         3d4       100%        8

Inventory:

Hand Weapons
 d - a +0 club
   (You took it off a goblin on level 1 of the Dungeon)
 l - a +2 quarterstaff of draining (weapon)
   (You found it on level 2 of the Dungeon)
Missiles
 e - 41 poisoned darts
 g - 135 stones
 i - 2 boomerangs
 I - a curare-tipped dart {=f}
Armour
 a - a +0 robe
 f - a +1 helmet (worn)
   (You found it on level 1 of the Dungeon)
 H - +0 steam dragon scales (worn)
   (You found it on level 9 of the Dungeon)
Jewellery
 j - an amulet of reflection (around neck)
   (You found it on level 2 of the Dungeon)
 v - a ring of see invisible
   (You found it on level 11 of the Dungeon)
 C - a ring of protection from cold (left hand)
   (You found it on level 6 of the Dungeon)
 D - a +6 ring of dexterity
   (You found it on level 10 of the Dungeon)
 Z - a ring of wizardry (right hand)
   (You found it on level 8 of the Dungeon)
Wands
 y - a wand of roots (8)
   (You found it on level 8 of the Dungeon)
 E - a wand of quicksilver (11)
   (You took it off Psyche on level 8 of the Dungeon)
 F - a wand of flame (7)
   (You found it on level 9 of the Dungeon)
 K - a wand of charming (7)
   (You found it on level 9 of the Dungeon)
 L - a wand of mindburst (11)
   (You found it on level 10 of the Dungeon)
Scrolls
 c - a scroll of immolation {!r!r}
 k - a scroll of blinking {!r}
 m - a scroll of poison
 o - a scroll of teleportation {@r4}
 q - 2 scrolls of magic mapping {!r}
 s - 4 scrolls of enchant armour
 G - 2 scrolls of vulnerability {!r!r}
 M - a scroll of enchant weapon
Potions
 b - 2 potions of magic
 h - 3 potions of cancellation
 n - 3 potions of degeneration {!q}
 p - 4 potions of brilliance
 r - a potion of heal wounds {@q2}
 t - a potion of ambrosia
 u - 9 potions of mutation {unknown}
 w - 3 potions of curing {@q1}
 x - a potion of might
 z - 3 potions of invisibility
 A - a potion of berserk rage {!q}
 B - 2 potions of attraction {!q}
 J - a potion of flight {unknown}
 N - 4 potions of haste {unknown}

Dungeon Overview and Level Annotations

Branches:
Dungeon (11/15) Zot: 25792  Temple (1/1) D:4 Zot: 5746    Lair (1/5) D:8 Zot: 5869
    Orc (0/2) D:9          Bailey (visited)

Altars:
Ashenzari
Cheibriados
Dithmenos
Elyvilon
Fedhas
Gozag
Hepliaklqana
Kikubaaqudgha
Makhleb
Nemelex Xobeh
Okawaru
Qazlal
Ru
Sif Muna
Trog
Uskayaw
Vehumet
Wu Jian
Xom
Yredelemnul
Zin
The Shining One

Shops:
D:5 :   D:7 *   D:8 =

Annotations:
D:3 1 runed translucent door, emiel's ghost, amateur OgEE
D:4 1 runed translucent door, CaliBri's ghost, novice MeWn
D:11 exclusion: statue

****
#############***,*,
#............,,,,,,
#)...........,,,,,,
#.@F....^....,,,,,,
#............,,,,,,
#....#.###.#.*,,,,,
#....### **#***,,,,
*#.....* *,,,,
*.....## *,,,,
##....# *,,,,
#....# *,,,, *,,,,*
*,,,,


You could see a cane toad.


Message History

Aim: an elephant (moderately wounded, 100% to hit)
The blast of sand hits the elephant!
The elephant tramples you!
* * * LOW HITPOINT WARNING * * *
You hold your ground!
The elephant trunk-slaps you but does no damage. 😨 HP[-10]
You take 10 damage, and now have 25/57 hp.
Casting: Sandblast (safe; 1% risk of failure)
Confirm with . or Enter, or press ? or * to list all spells.
Aiming: Sandblast (safe; 1% risk of failure)
Press: ? - help, Shift-Dir - straight line, f/p - elephant
Aim: an elephant (moderately wounded, 100% to hit)
The blast of sand hits the elephant.
The elephant tramples you.
* * * LOW HITPOINT WARNING * * *
You hold your ground!
The elephant trunk-slaps you but does no damage.
The elephant tramples you!
* * * LOW HITPOINT WARNING * * *
You hold your ground!
You block the elephant's attack. 😱 HP[-15] MP[-1]
You take 15 damage, and now have 10/57 hp.
MASSIVE DAMAGE!! (PAUSE)
You lost 1 mp, and now have 3/25 mp.
Casting: Sandblast (safe; 1% risk of failure)
Confirm with . or Enter, or press ? or * to list all spells.
Aiming: Stone Arrow (safe; 1% risk of failure)
Press: ? - help, Shift-Dir - straight line, f/p - elephant
Aim: an elephant (moderately wounded, 100% to hit)
The stone arrow hits the elephant!
The elephant tramples you but does no damage.
You block the elephant's attack. 😱 MP[-3]
You lost 3 mp, and now have 0/25 mp.
Casting: Stone Arrow (safe; 1% risk of failure)
Confirm with . or Enter, or press ? or * to list all spells.
You don't have enough magic to cast this spell.
You hit the elephant. The elephant completely misses you.
The elephant trunk-slaps you but does no damage.
Unknown command.
You hit the elephant but do no damage. The elephant tramples you!
* * * LOW HITPOINT WARNING * * *
You hold your ground!
The elephant trunk-slaps you but does no damage. 😱 HP[-6] MP[+1]
You take 6 damage, and now have 4/57 hp.
Unknown command.
You feel much better. The elephant tramples you.
* * * LOW HITPOINT WARNING * * *
You hold your ground!
The elephant trunk-slaps you but does no damage. 😨 HP[+22]
You regained 22 hp, and now have 26/57 hp.
As you read the scroll of teleportation {@r4}, it crumbles to dust.
You feel strangely unstable. The elephant tramples you.
* * * LOW HITPOINT WARNING * * *
You hold your ground!
The elephant trunk-slaps you but does no damage. 😨 HP[-4]
You take 4 damage, and now have 22/57 hp.
Unknown command.
The elephant attacks as you move away! The elephant barely misses you.
The elephant trunk-slaps you but does no damage.
Your surroundings suddenly seem different.
A cane toad comes into view. 😨 MP[+1] 😨 HP[+1]
The cane toad gives a loud, deep croak!
Casting: Stone Arrow (safe; 1% risk of failure)
Confirm with . or Enter, or press ? or * to list all spells.
Aiming: Sandblast (safe; 1% risk of failure)
Press: ? - help, Shift-Dir - straight line, f - cane toad
Aim: a cane toad (87% to hit)
The blast of sand misses the cane toad.
Casting: Sandblast (safe; 1% risk of failure)
Confirm with . or Enter, or press ? or * to list all spells.
Aiming: Sandblast (safe; 1% risk of failure)
Press: ? - help, Shift-Dir - straight line, f/p - cane toad
Aim: a cane toad (87% to hit)
The blast of sand hits the cane toad!
The cane toad barely misses you. 😨 HP[+1] MP[-1]
You lost 1 mp, and now have 1/25 mp.
Casting: Sandblast (safe; 1% risk of failure)
Confirm with . or Enter, or press ? or * to list all spells.
Aiming: Sandblast (safe; 1% risk of failure)
Press: ? - help, Shift-Dir - straight line, f/p - cane toad
Aim: a cane toad (moderately wounded, 87% to hit)
The blast of sand hits the cane toad!!
The cane toad stings you but does no damage.
The cane toad barely misses you. 😨 MP[-1]
You lost 1 mp, and now have 0/25 mp.
Unknown command.
Casting: Sandblast (safe; 1% risk of failure)
Confirm with . or Enter, or press ? or * to list all spells.
You don't have enough magic to cast this spell.
You closely miss the cane toad. The cane toad stings you!
* * * LOW HITPOINT WARNING * * *
The cane toad stings you!
You die...

Skill      XL: |  1  2  3  4  5  6  7  8  9 10 11 |
---------------+----------------------------------+-----
Earth Magic    | 4 5 6 7 8 10 12 13 | 13.0
Spellcasting   | 3 4 6 7 8 10 | 10.0
Conjurations   | 2 3 4 6 8 10 11 | 11.0
Fighting       | 1 |  1.8
Dodging        | 2 |  2.2
Stealth        | |  2.1
Transmutations | |  0.7

Action                     |  1- 3 |  4- 6 |  7- 9 | 10-12 || total
---------------------------+-------+-------+-------+-------++-------
  Melee: Club              |       |    13 |       |       ||    13
         Quarterstaff      |       |       |     1 |    13 ||    14
   Cast: Sandblast         |    35 |    91 |   139 |   164 ||   429
         Stone Arrow       |       |       |    38 |    72 ||   110
         Petrify           |       |       |       |     1 ||     1
    Use: Scroll            |     1 |       |    18 |     5 ||    24
         Potion            |       |       |       |     1 ||     1
   Stab: Sleeping          |       |     1 |       |       ||     1
 Armour: Robe              |       |    24 |    31 |    19 ||    74
         Steam dragon scal |       |       |       |    44 ||    44
  Dodge: Dodged            |     9 |    41 |    60 |    55 ||   165
  Block: Other             |       |    13 |    25 |    31 ||    69
         Reflection        |       |     2 |     1 |     1 ||     4

Levels and vault maps discovered:
D:1:      lemuel_arrival_behind_the_door_large, layout_basic,
          hellmonk_ecumenical_altar_heavens_door
D:2:      layout_basic, basic_altar, lexackson_kobold_supper, uniq_sigmund,
          uniq_natasha, uniq_robin
D:3:      minmay_inner_zag, layout_basic, ebering_ghost_inner_flame,
          kennysheep_generic_room_16
D:4:      layout_rooms, temple_hall, ebering_ghost_sewer_d, chequers_garden
D:5:      layout_basic, nicolae_kikubaaqudgha_miasma_corner,
          mainiacjoe_overflow_alcove_3, serial_shops, nicolae_shop_waterfront,
          minmay_misc_feat_nine_boxes, uniq_pikel
D:6:      layout_basic
D:7:      layout_basic, nicolae_tso_swordbearing_angel,
          nicolae_gozag_zags_fifth_avenue, enter_bailey_2
D:8:      layout_basic, david_lair_generic, serial_shops,
          nicolae_shop_waterfront, hangedman_decor_clover_reticule,
          dk_noncrumbling_4, uniq_psyche
D:9:      layout_long_grid, overflow_temple_1_default, erik_orc_3,
          nicolae_concentric_dashed_squares_mild
D:10:     layout_loops_ring
D:11:     layout_roguey, vehumet_statue
Temple:   minmay_temple_curvy_branch
Lair:1:   layout_chaotic_city, enter_volcano_4, grunt_megastairs_5,
          infiniplex_staircase_pool_2

Notes
Turn   | Place    | Note
-------+----------+-------------------------------------------
     0 | D:1      | kae the Gargoyle Earth Elementalist began the quest for the
                  | Orb.
     0 | D:1      | Reached XP level 1. HP: 10/10 MP: 3/3
     0 | D:1      | magus.rc [v1.11.3]
   162 | D:1      | Reached skill level 4 in Earth Magic
   203 | D:1      | Reached XP level 2. HP: 15/15 MP: 3/5
   411 | D:1      | Found a faded altar of an unknown god.
   668 | D:1      | Reached XP level 3. HP: 19/19 MP: 3/6
   674 | D:1      | Learned a level 2 spell: Passwall
   678 | D:1      | Learned a level 3 spell: Stone Arrow
  1073 | D:2      | Found an opulent altar of Gozag.
  1075 | D:2      | Noticed Sigmund
  1080 | D:2      | Killed Sigmund
  1081 | D:2      | Reached skill level 3 in Spellcasting
  1081 | D:2      | Reached skill level 2 in Conjurations
  1081 | D:2      | Reached skill level 5 in Earth Magic
  1081 | D:2      | Reached XP level 4. HP: 16/24 MP: 1/9
  1081 | D:2      | Reached XP level 5. HP: 19/28 MP: 1/10
  1568 | D:2      | Noticed Robin
  1577 | D:2      | Killed Robin
  1578 | D:2      | Reached XP level 6. HP: 27/32 MP: 2/11
  2143 | D:2      | Noticed Natasha
  2148 | D:2      | Killed Natasha
  2149 | D:2      | Reached skill level 6 in Earth Magic
  2159 | D:2      | Reached skill level 3 in Conjurations
  2376 | D:2      | Noticed Natasha
  2379 | D:2      | Killed Natasha
  2884 | D:3      | You pick up a book of Touch and begin reading...
  2884 | D:3      | You add the spells Kiss of Death, Confusing Touch and
                  | Dispel Undead to your library.
  3121 | D:3      | Reached skill level 4 in Spellcasting
  3207 | D:3      | Reached XP level 7. HP: 36/36 MP: 11/13
  3383 | D:3      | Found a runed translucent door.
  3383 | D:3      | Noticed emiel's ghost (amateur OgEE)
  3591 | D:4      | Reached skill level 4 in Conjurations
  3620 | D:4      | Found a runed translucent door.
  3625 | D:4      | Reached skill level 7 in Earth Magic
  3900 | D:4      | Noticed CaliBri's ghost (novice MeWn)
  4043 | D:4      | Found a staircase to the Ecumenical Temple.
  4053 | Temple   | Entered the Ecumenical Temple
  4418 | D:5      | Entered Level 5 of the Dungeon
  4502 | D:4      | Learned a level 4 spell: Petrify
  4703 | D:5      | Reached XP level 8. HP: 41/41 MP: 10/15
  4729 | D:5      | Reached skill level 5 in Spellcasting
  4729 | D:5      | Reached skill level 5 in Conjurations
  4868 | D:5      | Noticed Pikel
  4882 | D:4      | Killed Pikel
  4883 | D:4      | Reached skill level 6 in Conjurations
  4883 | D:4      | Reached skill level 8 in Earth Magic
  5062 | D:5      | Found an ancient bone altar of Kikubaaqudgha.
  5134 | D:5      | Found Uclyguem's Book Shoppe.
  5229 | D:5      | Found a sacrificial altar of Ru.
  5230 | D:5      | Found a radiant altar of Vehumet.
  5231 | D:5      | Found a stormy altar of Qazlal.
  5232 | D:5      | Found a white marble altar of Elyvilon.
  5238 | D:5      | Became a worshipper of Vehumet
  5423 | D:6      | Reached skill level 6 in Spellcasting
  5689 | D:6      | Reached XP level 9. HP: 45/45 MP: 15/18
  6033 | D:6      | Reached skill level 9 in Earth Magic
  6556 | D:7      | Found a flagged portal.
  6566 | Bailey   | Entered a bailey
  6751 | Bailey   | Reached skill level 7 in Conjurations
  6841 | Bailey   | Noticed an orc knight
  6872 | Bailey   | Killed an orc knight
  6890 | Bailey   | Reached * piety under Vehumet
  6890 | Bailey   | Offered knowledge of Shock by Vehumet.
  7662 | D:7      | Found an opulent altar of Gozag.
  7772 | D:7      | Reached skill level 7 in Spellcasting
  7892 | D:7      | Found Gozag's Platinum Reserve.
  8081 | D:7      | Reached skill level 10 in Earth Magic
  8112 | D:7      | Reached skill level 8 in Conjurations
  8405 | D:7      | Found a glowing golden altar of the Shining One.
  8730 | D:8      | Found a staircase to the Lair.
  8797 | D:8      | Reached XP level 10. HP: 50/50 MP: 10/21
  8853 | D:8      | Reached ** piety under Vehumet
  8856 | D:8      | Offered knowledge of Poisonous Vapours by Vehumet.
  9032 | D:8      | You pick up a book of Party Tricks and begin reading...
  9032 | D:8      | You add the spells Apportation and Alistair's Intoxication
                  | to your library.
  9038 | D:8      | Found Zedwein's Jewellery Shop.
  9209 | D:8      | Reached skill level 8 in Spellcasting
  9209 | D:8      | Reached skill level 9 in Conjurations
  9212 | D:8      | Reached skill level 11 in Earth Magic
  9375 | D:8      | Noticed Psyche
  9381 | D:8      | Killed Psyche
  9988 | D:9      | Offered knowledge of Hailstorm by Vehumet.
 10196 | D:9      | Found a staircase to the Orcish Mines.
 10326 | D:9      | Reached *** piety under Vehumet
 10426 | D:9      | Found a hide-covered altar of Uskayaw.
 10984 | D:10     | Entered Level 10 of the Dungeon
 11055 | D:10     | Reached skill level 10 in Conjurations
 11055 | D:10     | Reached skill level 12 in Earth Magic
 11060 | D:10     | Reached XP level 11. HP: 54/54 MP: 9/23
 11151 | D:10     | Reached skill level 9 in Spellcasting
 11245 | D:10     | Offered knowledge of Iskenderun's Mystic Blast by Vehumet.
 11586 | D:10     | You add the spells Ignite Poison, Sticky Flame and Ignition
                  | to your library.
 11846 | D:11     | Noticed a two-headed ogre
 11850 | D:11     | Killed a two-headed ogre
 11935 | D:11     | Noticed a two-headed ogre
 11939 | D:11     | Killed a two-headed ogre
 12065 | D:11     | Found a radiant altar of Vehumet.
 12343 | D:11     | HP: 10/54 [gargoyle/stone arrow (19)]
 12344 | D:11     | Reached **** piety under Vehumet
 12876 | Lair:1   | Entered Level 1 of the Lair of Beasts
 12881 | D:8      | Reached skill level 11 in Conjurations
 12957 | D:8      | Reached skill level 13 in Earth Magic
 13141 | Lair:1   | Reached skill level 10 in Spellcasting
 13141 | Lair:1   | Reached skill level 1 in Fighting
 13148 | Lair:1   | Reached skill level 2 in Dodging
 13152 | Lair:1   | HP: 10/57 [elephant (13)]
 13155 | Lair:1   | HP: 4/57 [elephant (7)]
 13167 | Lair:1   | HP: 13/57 [cane toad (12)]
 13167 | Lair:1   | Slain by a cane toad

Vanquished Creatures
  2 two-headed ogres (D:11)
  Pikel (D:4)
  An orc knight (Bailey)
  2 elephants (Lair:1)
  A gargoyle (D:11)
  A komodo dragon (D:10)
  Psyche (D:8)
  4 trolls
  A hornet (D:9)
  Sigmund (D:2)
  4 wyverns
  6 yaks (D:8)
  A basilisk (D:8)
  A steam dragon (D:9)
  A water moccasin (D:7)
  3 black bears
  3 orc warriors
  2 centaurs
  3 ogres
  A lemure (D:5)
  3 kobold brigands
  3 bullfrogs
  3 necrophages
  A gnoll sergeant (D:8)
  3 scorpions
  9 wights
  17 killer bees
  A howler monkey (D:9)
  6 orc priests
  A hound (D:6)
  A gnoll bouda (D:4)
  5 iguanas
  16 orc wizards
  Natasha (twice) (D:2)
  Robin (D:2)
  4 adders
  20 gnolls
  3 white imps
  2 ufetubi (D:4)
  3 worms
  2 dart slugs
  58 orcs
  6 ball pythons
  7 endoplasms
  2 giant cockroaches
  12 goblins
  11 hobgoblins
  7 jackals (D:2)
  A quokka (D:1)
  4 bats
  5 frilled lizards
  27 kobolds
  11 rats
297 creatures vanquished.

Vanquished Creatures (others)
  6 plants (D:2)
6 creatures vanquished.

Grand Total: 303 creatures vanquished

Table legend:
 A = Non-vault XP
 B = Vault XP
 C = Vault XP percentage of total XP
 D = Non-vault monster count
 E = Vault monster count
 F = Vault count percentage of total count
                 A         B        C        D         E       F
            +---------+---------+-------+---------+---------+-------
      Total |   11097 |    4346 |  28.1 |     221 |      75 |  25.3
            +---------+---------+-------+---------+---------+-------
        D:1 |      50 |       0 |   0.0 |      23 |       0 |   0.0
        D:2 |      79 |     300 |  79.2 |      24 |      18 |  42.9
        D:3 |     147 |      44 |  23.0 |      15 |       6 |  28.6
        D:4 |     397 |     685 |  63.3 |      12 |       1 |   7.7
        D:5 |     455 |       0 |   0.0 |      24 |       0 |   0.0
        D:6 |     603 |       0 |   0.0 |      18 |       0 |   0.0
        D:7 |     845 |       0 |   0.0 |      13 |       0 |   0.0
        D:8 |    2190 |    1082 |  33.1 |      34 |       5 |  12.8
        D:9 |    1570 |     571 |  26.7 |      21 |      19 |  47.5
       D:10 |    1714 |       0 |   0.0 |      24 |       0 |   0.0
       D:11 |    2865 |       0 |   0.0 |      11 |       0 |   0.0
     Lair:1 |     182 |     962 |  84.1 |       2 |       2 |  50.0
     Bailey |       0 |     702 | 100.0 |       0 |      24 | 100.0
            +---------+---------+-------+---------+---------+-------

Illustrated notes

Table legend:
 A = Kills in this place as a percentage of kills in entire the game.
 B = Kills by you in this place as a percentage of kills by you in the entire game.
 C = Kills by friends in this place as a percentage of kills by friends in the entire game.
 D = Other kills in this place as a percentage of other kills in the entire game.
 E = Experience gained in this place as a percentage of experience gained in the entire game.
 F = Experience gained in this place divided by the number of levels of this place that you have seen.
                   A       B       C       D       E      F
               +-------+-------+-------+-------+-------+----------------------
         Total | 100.0 | 100.0 |   N/A |   N/A | 100.0 | 1103.1
       Dungeon |  90.5 |  90.5 |   N/A |   N/A |  88.0 | 1236.1
          Lair |   1.4 |   1.4 |   N/A |   N/A |   7.4 | 1144.0
        Bailey |   8.1 |   8.1 |   N/A |   N/A |   4.5 | 702.0
               +-------+-------+-------+-------+-------+----------------------

Table legend: (Time is in decaauts)
 A = Elapsed time spent in this place.
 B = Non-inter-level travel time spent in this place.
 C = Inter-level travel time spent in this place.
 D = Time resting spent in this place.
 E = Time spent auto-exploring this place.
 F = Levels seen in this place.
 G = Mean time per level.
                   A        B        C        D        E       F      G
               +--------+--------+--------+--------+--------+-----+--------+
         Total |  13391 |  12880 |    511 |    337 |  10945 |  14 |  956.5 |
       Dungeon |  12192 |  11692 |    500 |    302 |  10008 |  11 | 1108.4 |
        Temple |    253 |    248 |      5 |      0 |    248 |   1 |  253.0 |
          Lair |    128 |    122 |      6 |      0 |     67 |   1 |  128.0 |
        Bailey |    816 |    816 |      0 |     35 |    622 |   1 |  816.0 |
               +--------+--------+--------+--------+--------+-----+--------+

Top non-repeatable levels by time:
     D:2: 1641 daAuts
     D:8: 1401 daAuts
     D:7: 1305 daAuts
     D:6: 1234 daAuts
     D:9: 1146 daAuts
     D:1: 1083 daAuts
    D:11: 960 daAuts
     D:3: 917 daAuts
    D:10: 903 daAuts
  Bailey: 816 daAuts
     D:5: 810 daAuts
     D:4: 788 daAuts
  Temple: 253 daAuts
  Lair:1: 128 daAuts
